 Dungeon Crawl Stone Soup version 0.26.1-11-gd32895ea62 (webtiles) character file.

Game seed: 7716523459515033205

18853 OdinFK the Dealer of Despair (level 12, -2/95 HPs)
             Began as a Mummy Necromancer on June 3, 2021.
             Was an Elder of Kikubaaqudgha.
             Hit by a silver javelin thrown by a minotaur (32 damage)
             ... in a Gauntlet on June 4, 2021.
             The game lasted 01:24:27 (15063 turns).

OdinFK the Dealer of Despair (Mummy Necromancer)   Turns: 15063, Time: 01:24:27

Health: -2/95      AC: 13    Str: 21    XL:     12   Next: 31%
Magic:  21/21      EV: 13    Int: 28    God:    Kikubaaqudgha [****..]
Gold:   681        SH:  0    Dex: 12    Spells: 2/23 levels left

rFire    x . .     SeeInvis .   h - +2 spear "Ammaqoir" {drain, Str+6}
rCold    + . .     Faith    .   (no shield)
rNeg     + + +     Spirit   .   q - +0 troll leather armour
rPois    ∞         Reflect  .   E - +2 helmet {Int+3}
rElec    .         Harm     .   l - +2 cloak {rPois}
rCorr    +         Rampage  .   C - +2 pair of gloves {Str+3}
Will     +....     NoTele   +   (no boots)
Stlth    +.........             B - amulet of magic regeneration
HPRegen  0.65/turn              p - ring of resist corrosion
MPRegen  0.42/turn              v - +6 ring of intelligence

@: studying Shields
A: no potions, fire vulnerability, cold resistance 1, negative energy resistance
3, torment resistance, unbreathing
a: Renounce Religion, Receive Corpses


You were in a Gauntlet.
You worshipped Kikubaaqudgha.
Kikubaaqudgha was greatly pleased with you.
You visited 3 branches of the dungeon, and saw 13 of its levels.
You also visited: Gauntlet.

You collected 681 gold pieces.

Inventory:

Hand Weapons
 a - the +9 heavy crossbow "Sniper" {vorpal, Acc+∞ SInv}
   (You found it on level 6 of the Dungeon)

   Any bolt fired from it inflicts extra damage.
   It lets you see invisible.
 d - a +0 trident
 h - the +2 spear "Ammaqoir" (weapon) {drain, Str+6}
   (You found it on level 1 of the Lair of Beasts)

   A truly terrible weapon, it drains the life of those it strikes.
   It affects your strength (+6).
 n - a cursed -1 hand axe
Missiles
 c - 6 javelins
Armour
 g - a +0 pair of gloves
 l - a +2 cloak of poison resistance (worn)
 q - a +0 troll leather armour (worn)
 r - a +2 ring mail of willpower
 s - a +1 robe of cold resistance
 C - a +2 pair of gloves of strength (worn)
 E - a +2 helmet of intelligence (worn)
Magical Staves
 z - a cursed staff of air {unknown}
Jewellery
 e - an uncursed ring of flight
 o - an uncursed amulet of regeneration
 p - a ring of resist corrosion (left hand)
 v - a +6 ring of intelligence (right hand)
 B - an amulet of magic regeneration (around neck)
Wands
 b - a wand of iceblast (9)
 m - a wand of enslavement (11)
Scrolls
 f - 2 scrolls of fear
 i - 2 scrolls of identify
 j - 2 scrolls of fog
 k - 2 scrolls of amnesia
 t - 4 scrolls of teleportation
 u - 4 scrolls of remove curse
 w - 2 scrolls of enchant weapon
 x - a scroll of blinking
 y - a scroll of holy word
 D - a scroll of summoning {unknown}
 M - 2 scrolls of magic mapping
Books
 A - a manual of Shields


   Skills:
 - Level 9.0 Fighting
 - Level 6.0 Polearms
 - Level 4.0 Dodging
 - Level 1.5 Stealth
 - Level 6.0 Spellcasting
 + Level 14.0 Necromancy
 + Level 4.5 Earth Magic
 - Level 4.0 Evocations


You had 2 spell levels left.
You knew the following spells:

 Your Spells              Type           Power        Failure   Level
a - Dispel Undead         Necr           72%          1%          4
b - Animate Dead          Necr           36%          1%          4
c - Vampiric Draining     Necr           36%          1%          3
d - Agony                 Necr           72%          1%          5
e - Borgnjor's Vile Clut  Necr/Erth      28%          4%          5

Your spell library contained the following spells:

 Spells                   Type           Power        Failure   Level
 Animate Skeleton         Necr           100%         1%          1
 Pain                     Necr           100%         1%          1
 Corpse Rot               Necr/Air       N/A          1%          2
 Excruciating Wounds      Necr           36%          1%          5
 Death Channel            Necr           36%          3%          6
 Confusing Touch          Hex            8%           21%         3
 Gell's Gravitas          Tloc           4%           21%         3
 Static Discharge         Conj/Air       8%           21%         3
 Petrify                  Tmut/Erth      21%          26%         4
 Simulacrum               Ice/Necr       23%          52%         6
 Lightning Bolt           Conj/Air       4%           88%         5
 Metabolic Englaciation   Hex/Ice        4%           88%         5
 Yara's Violent Unravell  Hex/Tmut       4%           88%         5
 Ignition                 Fire           4%           100%        8
 Shatter                  Erth           16%          100%        9
 Tornado                  Air            4%           100%        9


Dungeon Overview and Level Annotations

Branches:
Dungeon (10/15)            Temple (1/1) D:7            Lair (2/6) D:8
    Orc (0/2) D:10        Gauntlet (1/1)
  Swamp: Lair:2-4    Shoals: Lair:2-4     Snake: Lair:2-4    Spider: Lair:2-4

Altars:
Ashenzari
Cheibriados
Dithmenos
Elyvilon
Fedhas
Gozag
Hepliaklqana
Kikubaaqudgha
Makhleb
Nemelex Xobeh
Okawaru
Qazlal
Ru
Sif Muna
Trog
Uskayaw
Vehumet
Wu Jian
Xom
Yredelemnul
Zin
The Shining One

Shops:
D:5 }

Annotations:
D:4 Grinder
D:5 1 runed translucent door, gwenloh's ghost, novice SpEn
D:9 2 transporters, exclusion: orange crystal statue Gauntlet 4 transporters


Innate Abilities, Weirdness & Mutations

You do not drink.
Your flesh is vulnerable to fire.
You are immune to poison.
Your flesh is cold resistant. (rC+)
You are immune to negative energy. (rN+++)
You are immune to unholy pain and torment.
You can survive without breathing.


Message History

A minotaur comes into view.
It is wielding a +4 falchion of electrocution, wearing the ring "Vaugho" {rPois rN+} and quivering 20 silver javelins.
The minotaur bellows!
The minotaur throws a silver javelin.
The silver javelin pierces through you!
Found 11 bolts.
Found a gate leading back out of this place.
The minotaur throws a silver javelin.
The silver javelin pierces through you.
You see here a silver javelin.
The minotaur throws a silver javelin.
The silver javelin pierces through you!!
The minotaur throws a silver javelin.
The silver javelin pierces through you!!
* * * LOW HITPOINT WARNING * * *
x2 You see here 2 silver javelins.
Press: ? - help, v - describe, . - travel The floor.
You see here a silver javelin.
The minotaur throws a silver javelin.
The silver javelin pierces through you!!
You die...
Kikubaaqudgha rasps: "You have failed me!
Welcome... oblivion!"

≈≈≈≈≈ ≈∩≈ ... ###.### .....
#######'####### #..(...(......#
#(###.###.###.# #.###.###@###.#
#...........H.# ###.###.###.###
#####.###.###.#####
#≈..............§§#
####8.8.8..©.©..8.8§8#### ### #
#8##≈...............≈##8# #8# #
#################################
≈............≈∩≈.................


You could see a minotaur.

Vanquished Creatures
  3 two-headed ogres
  A soul eater (Gauntlet)
  A sixfirhy (Gauntlet)
  The ghost of Ramireus the Tainter, a novice SpVM of Sif Muna (D:10)
  Pikel (D:7)
  2 torpor snails
  A cane toad (D:8)
  A rime drake (Lair:1)
  5 komodo dragons
  4 trolls
  5 blink frogs (Lair:2)
  2 dream sheep (Lair:2)
  17 yaks
  3 basilisks (D:8)
  3 wyverns
  3 chaos spawn (Gauntlet)
  A neqoxec (Gauntlet)
  Edmund (D:5)
  2 wargs (D:10)
  An acid dragon (D:8)
  2 water moccasins
  Duvessa (D:7)
  4 orc warriors
  An ice beast (D:8)
  A phantom (D:7)
  2 black bears
  3 sky beasts
  4 centaurs
  8 wolves
  6 ogres
  A gnoll sergeant (D:8)
  13 bullfrogs
  Dowan (D:7)
  4 scorpions
  12 howler monkeys
  A centaur zombie (D:6)
  2 hounds
  2 jellies
  13 orc wizards
  Crazy Yiuf (D:3)
  15 orc priests
  An iguana (D:10)
  6 worker ants
  4 hound skeletons
  3 gnolls
  A howler monkey skeleton (D:4)
  7 adders
  4 shadow imps
  2 white imps
  3 oozes
  4 ufetubi
  An adder zombie (D:7)
  3 worms
  2 dart slugs
  7 leopard geckos
  36 orcs
  7 giant cockroaches
  5 goblins
  4 hobgoblins
  9 jackals
  4 kobolds
  2 ball pythons (D:1)
  4 bats
  10 frilled lizards
  A leopard gecko skeleton (D:8)
  A leopard gecko zombie (D:5)
  4 rats
290 creatures vanquished.

Vanquished Creatures (collateral kills)
  A water moccasin skeleton (D:8)
1 creature vanquished.

Vanquished Creatures (others)
  A wyvern (D:8)
  14 demonic plants (Gauntlet)
  A fungus (Lair:2)
  A plant (Lair:2)
17 creatures vanquished.

Grand Total: 308 creatures vanquished

Notes
Turn   | Place    | Note
-------+----------+-------------------------------------------
     0 | D:1      | OdinFK the Mummy Necromancer began the quest for the Orb.
     0 | D:1      | Reached XP level 1. HP: 13/13 MP: 4/4
    84 | D:1      | Reached XP level 2. HP: 19/20 MP: 0/5
    86 | D:1      | Learned a level 1 spell: Animate Skeleton
   225 | D:1      | Reached skill level 1 in Fighting
   336 | D:1      | Reached XP level 3. HP: 26/26 MP: 1/7
   488 | D:1      | Learned a level 3 spell: Vampiric Draining
   775 | D:2      | Found an opulent altar of Gozag.
   786 | D:2      | Reached skill level 5 in Necromancy
  1158 | D:3      | Reached XP level 4. HP: 32/32 MP: 6/8
  2019 | D:4      | Reached skill level 1 in Evocations
  2029 | D:4      | Reached XP level 5. HP: 20/37 MP: 2/9
  2251 | D:4      | Reached skill level 6 in Necromancy
  2337 | D:4      | Noticed Grinder
  2632 | D:4      | Reached XP level 6. HP: 42/43 MP: 4/11
  2710 | D:4      | Reached skill level 1 in Polearms
  2842 | D:3      | Found a runed translucent door.
  2843 | D:3      | Noticed Crazy Yiuf
  2850 | D:3      | Killed Crazy Yiuf
  3085 | D:4      | Learned a level 5 spell: Agony
  3248 | D:4      | Found a shadowy altar of Dithmenos.
  3537 | D:5      | Entered Level 5 of the Dungeon
  3564 | D:5      | Found a runed translucent door.
  3567 | D:5      | Noticed Edmund
  3585 | D:5      | Killed Edmund
  3599 | D:5      | Noticed gwenloh's ghost (novice SpEn)
  3773 | D:5      | Reached XP level 7. HP: 39/51 MP: 3/13
  3782 | D:5      | Learned a level 4 spell: Animate Dead
  4128 | D:5      | Reached skill level 7 in Necromancy
  4305 | D:5      | Found Fekh's Gadget Shoppe.
  4843 | D:6      | Reached skill level 8 in Necromancy
  4975 | D:6      | Reached XP level 8. HP: 47/58 MP: 6/14
  5301 | D:6      | Found the +9 heavy crossbow "Sniper" {vorpal, Acc+∞ SInv}
  6498 | D:7      | Noticed Pikel
  6548 | D:7      | Killed Pikel
  6549 | D:7      | Reached skill level 5 in Fighting
  6549 | D:7      | Reached skill level 9 in Necromancy
  6549 | D:7      | Reached XP level 9. HP: 62/68 MP: 0/15
  6579 | D:7      | Found a staircase to the Ecumenical Temple.
  6588 | Temple   | Entered the Ecumenical Temple
  6633 | Temple   | Became a worshipper of Kikubaaqudgha
  7012 | D:7      | Reached skill level 10 in Necromancy
  7197 | D:7      | Noticed Duvessa
  7212 | D:7      | Noticed Dowan
  7219 | D:7      | Killed Duvessa
  7238 | D:7      | Killed Dowan
  7502 | D:7      | Reached skill level 11 in Necromancy
  8113 | D:8      | Reached * piety under Kikubaaqudgha
  8113 | D:8      | Identified Kikubaaqudgha's Volume of Darkness
                  | (Kikubaaqudgha gifted it to you on level 8 of the Dungeon)
  8113 | D:8      | Received a gift from Kikubaaqudgha
  8259 | D:8      | You fall into a shaft and drop 2 floors!
  8259 | D:10     | Entered Level 10 of the Dungeon
  8404 | D:9      | Noticed a troll
  8430 | D:8      | Reached skill level 5 in Spellcasting
  8653 | D:8      | Noticed a two-headed ogre
  9010 | D:9      | Noticed a troll
  9103 | D:7      | Reached XP level 10. HP: 37/76 MP: 1/17
  9877 | D:9      | Reached ** piety under Kikubaaqudgha
 10079 | D:8      | Killed a two-headed ogre
 10191 | D:8      | Reached skill level 12 in Necromancy
 10671 | D:9      | Noticed a fire giant
 10674 | D:9      | Identified the ring of Gudok {*Tele +Blink}
 10674 | D:9      | Noticed a frost giant
 10695 | D:9      | Found a transporter.
 10695 | D:9      | Noticed an orange crystal statue
 10704 | D:9      | Found a transporter.
 10898 | D:8      | Reached skill level 13 in Necromancy
 11164 | D:9      | Found a snail-covered altar of Cheibriados.
 11738 | D:10     | Found a staircase to the Orcish Mines.
 11738 | D:10     | Noticed a two-headed ogre
 11882 | D:10     | Reached *** piety under Kikubaaqudgha
 11882 | D:10     | Identified Kikubaaqudgha's Guide on Darkness (Kikubaaqudgha
                  | gifted it to you on level 10 of the Dungeon)
 11882 | D:10     | Received a gift from Kikubaaqudgha
 11883 | D:10     | Reached XP level 11. HP: 74/84 MP: 9/18
 11892 | D:10     | Learned a level 5 spell: Borgnjor's Vile Clutch
 12127 | D:10     | Noticed a two-headed ogre
 12194 | D:10     | Killed a two-headed ogre
 12195 | D:10     | Reached skill level 1 in Earth Magic
 12613 | D:10     | Identified a scroll of acquirement
 12623 | D:10     | Killed a two-headed ogre
 12765 | D:10     | Found a runed translucent door.
 12767 | D:10     | Noticed Ramireus's ghost (novice SpVM)
 12780 | D:10     | Learned a level 4 spell: Dispel Undead
 12782 | D:10     | Killed Ramireus's ghost
 13439 | D:8      | Found a staircase to the Lair.
 13471 | Lair:1   | Entered Level 1 of the Lair of Beasts
 13547 | D:8      | Reached skill level 5 in Polearms
 13615 | D:8      | Acquired a book of the Tempests
 13783 | D:8      | Reached **** piety under Kikubaaqudgha
 14204 | Lair:1   | Got a fading spear
 14205 | Lair:1   | Identified the +2 spear "Ammaqoir" {drain, Str+6} (You
                  | found it on level 1 of the Lair of Beasts)
 14425 | Lair:2   | Reached XP level 12. HP: 88/94 MP: 7/21
 14563 | Lair:2   | Found a gate leading to a gauntlet.
 14574 | Gauntlet | Entered a Gauntlet
 14574 | Gauntlet | Found a transporter.
 14574 | Gauntlet | Found a transporter.
 14574 | Gauntlet | Found a transporter.
 14583 | Gauntlet | Found a transporter.
 14599 | Gauntlet | Found a transporter.
 14608 | Gauntlet | Found a transporter.
 14629 | Gauntlet | Found a transporter.
 14638 | Gauntlet | Found a transporter.
 14645 | Gauntlet | Found a transporter.
 14686 | Gauntlet | Found a transporter.
 14686 | Gauntlet | Found a transporter.
 14690 | Gauntlet | Noticed a death ooze
 14695 | Gauntlet | Found a transporter.
 14990 | Gauntlet | Reached skill level 14 in Necromancy
 15033 | Gauntlet | Identified the ring "Vaugho" {rPois rN+}
 15033 | Gauntlet | Noticed a minotaur
 15063 | Gauntlet | Hit by a silver javelin thrown by a minotaur

Illustrated notes

Levels and vault maps discovered:
D:1:      scummos_arrival_hexagon, layout_basic
D:2:      layout_rooms, nicolae_gozag_cash_rules_everything_around_me
D:3:      layout_loops_ring, uniq_crazy_yiuf_cottage
D:4:      layout_layer_cave, roderic_lattice_a, grunt_dithmenos_shadows,
          uniq_grinder
D:5:      layout_basic, ebering_ghost_sewer_d, serial_shops, shop,
          serial_rivers, chequers_serial_rivers_small_b,
          chequers_serial_rivers_large_a, chequers_serial_rivers_room_b,
          chequers_serial_rivers_small_b, uniq_edmund
D:6:      layout_basic
D:7:      layout_cave_pods, minmay_temple_entry_large_hall, grunt_ministairs_13,
          uniq_duvessa, uniq_pikel
D:8:      layout_rooms, erik_lair_dragon, chequers_avenue
D:9:      gammafunk_sealed_arena, layout_loops_ring, cheibriados_altar_1
D:10:     layout_long_grid, david_orc_3, ebering_ghost_reflecting_pool
Temple:   compressed_dpeg_circular_temple
Lair:1:   layout_chaotic_city
Lair:2:   layout_roguey, minmay_snake_entry_guardpost_medium,
          gauntlet_entry_generic, minivault_26, infiniplex_staircase_pool_2,
          minmay_lair_oklob_chamber
Gauntlet: gammafunk_gauntlet_shortcut [nicolae_gauntlet_arena_x,
          gammafunk_gauntlet_arena_hedges, gammafunk_gauntlet_arena_corners,
          nicolae_gauntlet_arena_grate_2, gammafunk_gauntlet_arena_split_x,
          nicolae_gauntlet_swirl, gauntlet_exit_watery]

Skill      XL: |  1  2  3  4  5  6  7  8  9 10 11 12 |
---------------+-------------------------------------+-----
Spellcasting   | 3 4 5 6 |  6.0
Fighting       | 1 2 3 5 7 8 9 |  9.0
Necromancy     | 5 6 8 9 11 13 14 | 14.0
Evocations     | 1 2 3 4 |  4.0
Polearms       | 1 2 3 4 5 6 |  6.0
Dodging        | 2 3 4 |  4.0
Earth Magic    | 3 4 |  4.5
Stealth        | |  1.5

Action                   |  1- 3 |  4- 6 |  7- 9 | 10-12 || total
-------------------------+-------+-------+-------+-------++-------
Melee: Dagger            |    18 |     2 |       |       ||    20
       Unarmed           |     1 |       |       |       ||     1
       Trident           |       |    88 |   368 |   484 ||   940
       Short sword       |       |     5 |       |       ||     5
       Spear             |       |       |       |    86 ||    86
 Cast: Pain              |    78 |    66 |    92 |    23 ||   259
       Vampiric Draining |       |    15 |    85 |    99 ||   199
       Animate Skeleton  |       |     1 |       |       ||     1
       Animate Dead      |       |       |     2 |       ||     2
       Agony             |       |       |     4 |    31 ||    35
       Borgnjor's Vile C |       |       |       |    24 ||    24
       Dispel Undead     |       |       |       |     2 ||     2
Evoke: Wand              |       |       |     1 |     3 ||     4
  Use: Scroll            |       |     7 |     2 |     9 ||    18
 Stab: Sleeping          |     2 |     5 |     3 |       ||    10
       Distracted        |       |       |       |     2 ||     2
Armor: Robe              |     2 |    18 |   146 |    53 ||   219
       Troll leather arm |       |       |       |   166 ||   166
Dodge: Dodged            |    20 |    55 |   290 |   496 ||   861
